 Dungeon Crawl Stone Soup version 0.30.0-30-g96aa6591b8 (webtiles) character file.

Game seed: 14671766322346959769

75 cheesebisquit the Magician (level 4, -1/34 HPs)
             Began as a Djinni Conjurer on June 28, 2023.
             Slain by an ogre
             ... wielding a +0 giant club
              (3 damage)
             ... on level 3 of the Dungeon.
             The game lasted 00:06:40 (1987 turns).

cheesebisquit the Magician (Djinni Conjurer)        Turns: 1987, Time: 00:06:40

Health: -1/34      AC:  2    Str:  6    XL:     4   Next: 55%
Gold:   89         EV: 12    Int: 21    God:
                   SH:  0    Dex: 12

rFire   + + .        e - +0 short sword (elec)
rCold   x . .        (no shield)
rNeg    . . .        a - +0 robe
rPois   ∞            (no helmet)
rElec   .            (no cloak)
rCorr   .            (no gloves)
SInv    .            (boots unavailable)
Will    .....        (no amulet)
Stlth   ++           (no ring)
HPRegen 0.25/turn    (no ring)
MPRegen 0.00/turn

%: infuse magic (-2 HP)
@: flying
A: sickness immunity, fire resistance 2, cold vulnerability 1, float, innate
caster, HP casting, extra vitality 1
a: no special abilities


You were on level 3 of the Dungeon.
You visited 1 branch of the dungeon, and saw 3 of its levels.

You collected 132 gold pieces.
You spent 43 gold pieces at shops.

Inventory:

Hand Weapons
 e - a +0 short sword of electrocution (weapon)
Armour
 a - a +0 robe (worn)
Scrolls
 b - 3 scrolls of identify {unknown}
 d - a scroll of poison {unknown}
 h - 4 scrolls of teleportation {unknown}
 j - a scroll of enchant armour {unknown}
 k - a scroll of fear {unknown}
Potions
 c - a potion of ambrosia {unknown}
 f - a potion of degeneration {unknown}
 g - a potion of attraction {unknown}
 i - a potion of curing {unknown}
 l - a potion of flight {unknown}
 m - a potion of brilliance {unknown}


   Skills:
 + Level 2.6 Fighting
 - Level 2.1 Dodging
 - Level 1.5 Stealth
 + Level 3.9 Spellcasting


You knew the following spells:

 Your Spells              Type           Power      Damage    Failure   Level
a - Magic Dart            Conj           80%        1d7       2%          1
b - Searing Ray           Conj           40%        2d5       3%          2
c - Dazzling Flash        Conj/Hex       40%        N/A       7%          3
d - Fulminant Prism       Conj/Hex       10%        3d9       24%         4
e - Iskenderun's Mystic   Conj/Tloc      20%        2d6       24%         4
f - Freeze                Ice            80%        1d9       2%          1
Your spell library was empty.

Dungeon Overview and Level Annotations

Branches:
Dungeon (3/15)

Altars:

Shops:
D:1 *


Innate Abilities, Weirdness & Mutations

You are immune to sickness and miasma.
You are immune to poison.
Your flesh is very heat resistant. (rF++)
You are vulnerable to cold. (rC-)
You float through the air rather than walking.
You learn spells naturally, not from books.
Your magical power is your life essence.
You have superior vitality. (+4 MHP)


Message History

You kill the goblin! (Press . to maintain the ray.)
The goblin shoots a sling bullet.
The sling bullet hits you.
Casting: Searing Ray (safe; 3% risk of failure)
Confirm with . or Enter, or press ? or * to list all spells.
Restarting spell: Searing Ray (safe; 3% risk of failure)
Press: ? - help, Shift-Dir - straight line, f - ogre
Aim: an ogre, wielding a +0 giant club (severely wounded, 89% to hit)
You miscast Searing Ray.
You are very lightly contaminated with residual magic.
Nothing appears to happen.
The ogre barely misses you.
Okay, then.
Casting: Searing Ray (safe; 3% risk of failure)
Confirm with . or Enter, or press ? or * to list all spells.
Casting: Dazzling Flash (dangerous; 7% risk of failure)
Press: ? - help, Dir - look around, f - activate The ogre is dazzled.
You catch the helpless ogre completely off-guard!
You hit the ogre.
The ogre is almost dead.
The ogre hits you with a +0 giant club!
* * * LOW HITPOINT WARNING * * *
Okay, then.
The ogre is no longer blind.
Your magical contamination has completely faded away.
Casting: Dazzling Flash (dangerous; 7% risk of failure)
Confirm with . or Enter, or press ? or * to list all spells.
Okay, then.
Casting: Dazzling Flash (dangerous; 7% risk of failure)
Confirm with . or Enter, or press ? or * to list all spells.
Casting: Dazzling Flash (dangerous; 7% risk of failure)
Press: ? - help, Dir - look around, f - activate
* * * LOW HITPOINT WARNING * * *
Casting: Dazzling Flash (dangerous; 7% risk of failure)
Confirm with . or Enter, or press ? or * to list all spells.
You don't have enough health to cast this spell.
Okay, then.
Okay, then.
The ogre attacks as you move away! The ogre hits you with a +0 giant club.
You die...

##..................#
##...............#######
.............#.#.#
.#..###.#.##.#.#.#######
.#.....................#
.............###.#######
.#..###.###### #.#
.#..###.# #.# ........#
#@# .#..###.########O###
.............g.....#
.#..###.########.#.#
...................#
..................##
##..###.#.######.##
....###.#g# ###.#
..........##)..#.#


You could see an ogre.

Vanquished Creatures
  An adder (D:2)
  3 dart slugs (D:2)
  6 endoplasms
  7 hobgoblins (D:2)
  7 kobolds
  2 quokkas
  6 ball pythons
  3 bats
  A frilled lizard (D:1)
  12 goblins
  5 rats (D:1)
53 creatures vanquished.

Notes
Turn   | Place    | Note
-------+----------+-------------------------------------------
     0 | D:1      | cheesebisquit the Djinni Conjurer began the quest for the
                  | Orb.
     0 | D:1      | cheesebisquit set off with the following spells memorised:
                  | Magic Dart, Searing Ray, Dazzling Flash, Fulminant Prism,
                  | Iskenderun's Mystic Blast.
     0 | D:1      | Reached XP level 1. HP: 15/15 MP: 0/0
   155 | D:1      | Reached XP level 2. HP: 16/22 MP: 0/0
   229 | D:1      | Reached skill level 1 in Fighting
   432 | D:1      | Found Ezeocvis's Assorted Antiques.
   445 | D:1      | Bought a scroll labelled DIDYFIEDEC for 23 gold pieces
   445 | D:1      | Bought a ruby potion for 20 gold pieces
   805 | D:2      | Reached XP level 3. HP: 21/27 MP: 0/0
   805 | D:2      | Learned a level 1 spell: Freeze
  1233 | D:2      | Reached XP level 4. HP: 29/33 MP: 0/0
  1961 | D:3      | Noticed an ogre
  1969 | D:3      | HP: 1/34 [ogre/+0 giant club (13)]
  1987 | D:3      | Slain by an ogre

Illustrated notes

Levels and vault maps discovered:
D:1:      minmay_arrival_five_plusses, layout_basic, serial_shops,
          nicolae_shop_crystal
D:2:      layout_loops_ring, minmay_goblin_kobold_house
D:3:      layout_basic, gammafunk_ghost_split, grunt_ministairs_3,
          minmay_misc_feat_columns, minivault_11, minmay_ogre_servants

Skill      XL: |  1  2  3 |
---------------+----------+-----
Fighting       | 1 2 |  2.6
Dodging        | |  2.1
Stealth        | |  1.5
Spellcasting   | |  3.9

Action                     |  1- 3 |  4- 6 || total
---------------------------+-------+-------++-------
  Melee: Short sword       |       |     1 ||     1
   Cast: Magic Dart        |    73 |    17 ||    90
         Searing Ray       |     3 |     7 ||    10
         Dazzling Flash    |       |     2 ||     2
   Stab: Invisible         |       |     1 ||     1
 Armour: Robe              |       |     1 ||     1
  Dodge: Dodged            |     5 |     7 ||    12
